 Dungeon Crawl Stone Soup version 0.24.0-13-gcf9b319 (webtiles) character file.

Game seed: 15238418278058375583, levelgen mode: deterministic

86 Bronimir the Digger (level 4, -4/36 HPs)
             Began as a Deep Dwarf Earth Elementalist on Apr 9, 2020.
             Hit by a javelin thrown by a hobgoblin (9 damage)
             ... on level 2 of the Dungeon.
             The game lasted 00:07:02 (2857 turns).

Bronimir the Digger (Deep Dwarf Earth Elementalist) Turns: 2857, Time: 00:07:03

Health: -4/36      AC:  2    Str: 11    XL:     4   Next: 27%
Magic:  6/7        EV: 12    Int: 17    God:
Gold:   38         SH:  0    Dex: 13    Spells: 2/8 levels left

rFire    . . .     SeeInvis .   a - +0 club
rCold    . . .     Gourm    .   (no shield)
rNeg     . . .     Faith    .   c - +0 robe
rPois    .         Spirit   .   (no helmet)
rElec    .         Reflect  .   (no cloak)
rCorr    .         Harm     .   (no gloves)
MR       .....                  (no boots)
Stlth    ++........             (no amulet)
HPRegen  0.00/turn              (no ring)
MPRegen  0.10/turn              (no ring)

@: non-regenerating
A: damage resistance, heal wounds, sense surroundings 1, no regeneration
a: Heal Wounds


You were on level 2 of the Dungeon.
You were hungry.

You visited 1 branch of the dungeon, and saw 2 of its levels.

You collected 38 gold pieces.

Inventory:

Hand Weapons
 a - a +0 club (weapon)
Missiles
 b - 47 stones (quivered)
 f - 24 arrows
Armour
 c - a +0 robe (worn)
Scrolls
 d - 2 scrolls of amnesia {unknown}
 e - a scroll of teleportation {unknown}
 i - a scroll of remove curse {unknown}
 j - a scroll of identify {unknown}
Comestibles
 g - 2 rations


   Skills:
 + Level 0.1 Fighting
 + Level 2.3 Dodging
 - Level 2.7 Stealth
 * Level 2.6 Spellcasting
 + Level 0.2 Conjurations
 + Level 0.8 Transmutations
 * Level 5.6 Earth Magic


You had 2 spell levels left.
You knew the following spells:

 Your Spells              Type           Power        Failure   Level  Hunger
a - Sandblast             Erth           ###...       1%          1    #......
b - Passwall              Tmut/Erth      ##......     8%          2    ##.....
c - Stone Arrow           Conj/Erth      ##....       17%         3    ###....

Your spell library contained the following spells:

 Spells                   Type           Power        Failure   Level  Hunger
 Petrify                  Tmut/Erth      ##......     43%         4    #####..
 Lee's Rapid Deconstruct  Erth           ###.......   45%         5    ######.


Dungeon Overview and Level Annotations

Branches:
Dungeon (2/15)

Altars:


Innate Abilities, Weirdness & Mutations

You are resistant to damage.
You can heal yourself by infusing magical energy.
You passively map a small area around you.
You do not regenerate.


Message History

* * * LOW HITPOINT WARNING * * *
You see here a stone.
The kobold throws a stone.
The stone hits you but does no damage.
You see here a stone.
Casting: Sandblast (safe; 1% risk of failure)
Confirm with . or Enter, or press ? or * to list all spells.
Aiming: Sandblast (safe; 1% risk of failure)
Press: ? - help, Shift-Dir - straight line, f - kobold
Aim: a kobold The blast of sand hits the kobold!
You kill the kobold!
b - 45 stones
b - 46 stones (gained 1)
A hobgoblin comes into view.
You see here a stone.
You are feeling hungry.
b - 47 stones (gained 1)
The hobgoblin shouts!
The hobgoblin throws a javelin.
The javelin pierces through you!
You die...

, ....* #.#..# # ,###
#..# #.#..### ..#
#..## #.#..#.. #g#
#...####......# #.#
##.....<.#.####
#g####..#.###.#.##
##.#.....#........#
###..(.###.###......#
#...#.@....# #.#.##.#
#.?.###......#
#.#.##)# #..#
#......###.#.##.###
##.**
#..........#.##....
#, *
######....##.##.##. *
* ##...##.##.##. *
#.#.......... , ,,
#...##.####.# ,
#..### ##...>


You could see a hobgoblin.

Vanquished Creatures
  A gnoll (D:1)
  2 adders (D:2)
  An ooze (D:1)
  3 dart slugs (D:1)
  5 leopard geckos
  4 bats
  7 giant cockroaches
  3 goblins
  5 hobgoblins
  A frilled lizard (D:1)
  5 kobolds
  4 rats
41 creatures vanquished.

Notes
Turn   | Place    | Note
-------+----------+-------------------------------------------
     0 | D:1      | Bronimir the Deep Dwarf Earth Elementalist began the quest
                  | for the Orb.
     0 | D:1      | Reached XP level 1. HP: 15/15 MP: 3/3
   388 | D:1      | Reached XP level 2. HP: 17/22 MP: 0/5
   502 | D:1      | Reached skill level 5 in Earth Magic
   614 | D:1      | Reached XP level 3. HP: 9/28 MP: 2/6
   657 | D:1      | Learned a level 2 spell: Passwall
   661 | D:1      | Learned a level 3 spell: Stone Arrow
  2593 | D:2      | Reached XP level 4. HP: 6/36 MP: 0/7
  2857 | D:2      | Hit by a javelin thrown by a hobgoblin

Levels and vault maps discovered:
D:1:      minmay_arrival_checkered_box, layout_basic, glass_columns_a,
          st_stairs_10
D:2:      layout_rooms, first_ration, chequers_mini_garden

Skill      XL: |  1  2 |
---------------+-------+-----
Spellcasting   | 2 |  2.6
Earth Magic    | 5 |  5.6
Fighting       | |  0.1
Dodging        | |  2.3
Stealth        | |  2.7
Conjurations   | |  0.2
Transmutations | |  0.8

Action                   |  1- 3 |  4- 6 || total
-------------------------+-------+-------++-------
Melee: Unarmed           |     5 |       ||     5
       Club              |     6 |       ||     6
 Cast: Sandblast         |    42 |     6 ||    48
       Stone Arrow       |    20 |     3 ||    23
 Abil: Heal Wounds       |     1 |       ||     1
  Eat: Chunk             |     5 |     1 ||     6
       Ration            |     1 |       ||     1
Armor: Robe              |    18 |     1 ||    19
Dodge: Dodged            |    56 |     7 ||    63
